 Dungeon Crawl Stone Soup version 0.23.2-33-g5129a83184 (webtiles) character file.

Game seed: 16995234900234374909

9864 H0rd4k the Eclecticist (level 11, -2/54 HPs)
             Began as a Deep Elf Wizard on July 10, 2019.
             Was a Priest of Sif Muna.
             Slain by a wolf (5 damage)
             ... on level 8 of the Dungeon on July 11, 2019.
             The game lasted 00:54:01 (12614 turns).

H0rd4k the Eclecticist (Deep Elf Wizard)           Turns: 12614, Time: 00:54:02

Health: -2/54      AC:  5    Str:  8    XL:     11   Next: 28%
Magic:  0/32       EV: 14    Int: 34    God:    Sif Muna [***...]
Gold:   1135       SH:  0    Dex: 13    Spells: 34/40 levels left

rFire    . . .     SeeInvis .   v - +1 hunting sling "Esoafas" {velocity, rN+ MR- Int+7 Stlth-}
rCold    + . .     Gourm    .   (no shield)
rNeg     + . .     Faith    .   M - +2 robe of Limitation {rElec rC+}
rPois    .         Spirit   +   b - +1 hat
rElec    +         Reflect  .   i - scarf {Spirit}
rCorr    .         Harm     .   (no gloves)
MR       .....                  (no boots)
Stlth    ..........             e - amulet of magic regeneration
HPRegen  0.18/turn              z - ring of wizardry
MPRegen  0.48/turn              K - ring of Rulop {Str+4 Stlth-}

@: confused, very slightly contaminated
A: no striking features
a: Divine Energy, Channel Magic, Renounce Religion


You were on level 8 of the Dungeon.
You worshipped Sif Muna.
Sif Muna was most pleased with you.
You were not hungry.

You visited 3 branches of the dungeon, and saw 12 of its levels.
You also visited: Bailey.

You collected 1174 gold pieces.
You spent 39 gold pieces at shops.

Inventory:

Hand Weapons
 v - the +1 hunting sling "Esoafas" (weapon) {velocity, rN+ MR- Int+7 Stlth-}
   (You found it on level 6 of the Dungeon)

   Any stone fired from it inflicts extra damage.
   It affects your intelligence (+7).
   It protects you from negative energy.
   It affects your resistance to hostile enchantments.
   It makes you less stealthy.
Missiles
 x - 133 sling bullets (quivered)
Armour
 b - a +1 hat (worn)
 i - a scarf of spirit shield (worn)
 I - a +2 robe of positive energy
 M - the +2 robe of Limitation (worn) {rElec rC+}
   (You found it on level 8 of the Dungeon)

   It protects you from cold.
   It insulates you from electricity.
Jewellery
 e - an amulet of magic regeneration (around neck)
 l - an uncursed ring of magical power
 p - an uncursed ring of protection from fire
 q - an uncursed ring of flight
 s - a +3 ring of strength
 w - an uncursed ring of see invisible
 z - a ring of wizardry (left hand)
 D - an uncursed ring of positive energy
 K - the ring of Rulop (right hand) {Str+4 Stlth-}
   (You found it on level 8 of the Dungeon)

   [ring of attention]

   It affects your strength (+4).
   It makes you less stealthy.
Wands
 g - a wand of polymorph (19)
 n - a wand of digging (7)
 E - a wand of flame (17)
 Q - a wand of random effects (19)
Scrolls
 m - 4 scrolls of magic mapping
 o - 4 scrolls of amnesia
 y - a scroll of enchant weapon
 G - a scroll of silence {unknown}
 R - 2 scrolls of fear
 S - a scroll of remove curse
Potions
 c - a potion of cancellation {unknown}
 h - 2 potions of brilliance
 j - 4 potions of flight
 k - a potion of mutation {unknown}
 r - a potion of might {unknown}
 t - a potion of berserk rage
 u - 2 potions of resistance
 A - 3 potions of curing
 B - a potion of magic {unknown}
 C - 2 potions of lignification
Comestibles
 d - 18 rations


   Skills:
 + Level 5.1 Dodging
 + Level 4.2 Stealth
 + Level 15.3 Spellcasting
 + Level 11.3 Conjurations
   Level 1.1 Summonings
 + Level 4.9 Translocations
 + Level 4.0 Fire Magic
 + Level 1.8 Evocations


You had 34 spell levels left.
You knew the following spells:

 Your Spells              Type           Power        Failure   Level  Hunger
a - Magic Dart            Conj           ####         0%          1    None
b - Blink                 Tloc           N/A          1%          2    None
c - Conjure Flame         Conj/Fire      ######..     1%          3    None

Your spell library contained the following spells:

 Spells                   Type           Power        Failure   Level  Hunger
 Searing Ray              Conj           ######       0%          2    None
 Call Imp                 Summ           ####....     1%          2    None
 Slow                     Hex            ####....     1%          2    None
 Dazzling Spray           Conj/Hex       ######       1%          3    None
 Mephitic Cloud           Conj/Pois/Air  ######..     1%          3    None
 Force Lance              Conj/Tloc      ######..     1%          4    None
 Fulminant Prism          Conj/Hex       ######....   1%          4    None
 Iskenderun's Mystic Bla  Conj           #######.     1%          4    None


Dungeon Overview and Level Annotations

Branches:
Dungeon (10/15)            Temple (1/1) D:7            Lair (1/6) D:8
    Orc (0/2) D:10

Altars:
Ashenzari
Cheibriados
Dithmenos
Elyvilon
Fedhas
Gozag
Hepliaklqana
Kikubaaqudgha
Makhleb
Nemelex Xobeh
Okawaru
Qazlal
Ru
Sif Muna
Trog
Uskayaw
Vehumet
Wu Jian
Xom
Yredelemnul
Zin
The Shining One

Shops:
D:10 *

Annotations:
D:1 exclusion: downstairs
D:2 exclusion: downstairs
D:4 exclusion: downstairs, Blork the orc
D:5 exclusion: downstairs
D:6 exclusion: 2 downstairs, Eustachio


Message History

* * * LOW HITPOINT WARNING * * *
The wolf bites you.
* * * LOW HITPOINT WARNING * * *
You climb upwards.
Welcome back to the Dungeon!
There is a staircase to the Lair here.
Casting: Blink (safe; 1% risk of failure)
Confirm with . or Enter, or press ? or * to list all spells.
You blink.
Evoke which item? (* to show all) (? for menu, Esc to quit)
Okay, then.
Unknown command.
You are confused.
You feel invigorated. The wolf bites you!
* * * LOW HITPOINT WARNING * * *
You completely miss the wolf. The wolf bites you.
* * * LOW HITPOINT WARNING * * *
The wolf bites you!
* * * LOW HITPOINT WARNING * * *
The wolf misses you. The wolf bites you!
You die...

# #..###.......#.# #
####..###.........# #
#.................#### #
#....................#
###.......#......#..##.##
....#######....>....##..#
###.................###.##
#
##########..#hh....รท...#
# #....#@....##### #
##.......[.# #.........#
##..#.....# ####.....#
#######


You could see 2 wolves.

Vanquished Creatures
  Erolcha (D:10)
  A hydra (D:8)
  2 orc knights (Bailey)
  Pikel (D:7)
  A black mamba (Lair:1)
  A spiny frog (Lair:1)
  A komodo dragon (D:7)
  2 trolls (D:10)
  A hippogriff (D:8)
  A basilisk (D:8)
  A steam dragon (D:8)
  Edmund (D:6)
  Menkaure (D:6)
  A porcupine (D:8)
  A water moccasin (D:8)
  A swamp drake (D:6)
  Duvessa (D:7)
  A black bear (D:9)
  A slave (D:7)
  7 orc warriors
  5 phantoms
  An ice beast (D:8)
  3 necrophages
  A centaur (D:8)
  2 ogres
  A crocodile (D:8)
  A big kobold (D:7)
  5 bullfrogs
  Dowan (D:7)
  7 scorpions
  A wyvern skeleton (D:8)
  A water moccasin skeleton (D:9)
  10 wights
  3 howler monkeys (D:8)
  An electric eel (Lair:1)
  A bullfrog zombie (D:7)
  2 crimson imps
  2 centaur zombies
  2 centaur skeletons
  2 orc priests
  A bullfrog skeleton (D:5)
  A hound (D:5)
  6 jellies
  5 iguanas
  Terence (D:2)
  A hell rat (D:8)
  4 orc wizards
  3 worker ants
  A hound zombie (D:8)
  Robin (D:3)
  4 gnolls (D:8)
  9 adders
  2 river rats (D:8)
  4 shadow imps
  An ooze (D:6)
  An adder skeleton (D:4)
  4 worms
  3 dart slugs
  3 leopard geckos
  20 orcs
  6 bats
  2 giant cockroaches
  19 goblins
  9 hobgoblins
  6 jackals
  A quokka (D:7)
  A frilled lizard (D:5)
  19 kobolds
  A leopard gecko skeleton (D:4)
  11 rats
230 creatures vanquished.

Vanquished Creatures (others)
  A kobold (D:10)
  2 plants (Lair:1)
3 creatures vanquished.

Grand Total: 233 creatures vanquished

Notes
Turn   | Place    | Note
-------+----------+-------------------------------------------
     0 | D:1      | H0rd4k the Deep Elf Wizard began the quest for the Orb.
     0 | D:1      | Reached XP level 1. HP: 10/10 MP: 7/7
   165 | D:1      | Reached XP level 2. HP: 14/15 MP: 0/9
   266 | D:1      | Reached skill level 5 in Spellcasting
   826 | D:2      | Found a glowing golden altar of the Shining One.
   833 | D:2      | Found a stormy altar of Qazlal.
   856 | D:2      | Found a hide-covered altar of Uskayaw.
  1046 | D:3      | Noticed Terence
  1142 | D:3      | Noticed Robin
  1176 | D:3      | Reached XP level 3. HP: 1/19 MP: 0/12
  1560 | D:3      | Learned a level 2 spell: Blink
  1564 | D:3      | Learned a level 3 spell: Conjure Flame
  2475 | D:3      | Killed Robin
  2475 | D:3      | Reached XP level 4. HP: 15/24 MP: 0/13
  2800 | D:4      | Reached skill level 6 in Spellcasting
  2800 | D:4      | Reached skill level 1 in Fire Magic
  2940 | D:4      | Reached XP level 5. HP: 28/28 MP: 4/15
  3103 | D:4      | Reached XP level 6. HP: 32/32 MP: 8/17
  3153 | D:4      | Reached skill level 7 in Spellcasting
  3537 | D:4      | Found a glowing silver altar of Zin.
  3625 | D:4      | Noticed Blork the orc
  3719 | D:5      | Entered Level 5 of the Dungeon
  3845 | D:5      | Reached skill level 8 in Spellcasting
  3845 | D:5      | Reached XP level 7. HP: 35/36 MP: 13/20
  4257 | D:5      | Reached skill level 5 in Conjurations
  4434 | D:6      | Reached skill level 9 in Spellcasting
  4550 | D:6      | Reached XP level 8. HP: 35/41 MP: 1/23
  4714 | D:6      | Noticed Eustachio
  4775 | D:6      | Noticed Edmund
  4791 | D:6      | Killed Edmund
  4886 | D:6      | Got a blackened hunting sling
  4887 | D:6      | Identified the cursed +1 hunting sling "Esoafas" {velocity,
                  | rN+ MR- Int+7 Stlth-} (You found it on level 6 of the
                  | Dungeon)
  4942 | D:6      | Reached skill level 10 in Spellcasting
  5003 | D:6      | Noticed Menkaure
  5010 | D:6      | Killed Menkaure
  5746 | D:2      | Killed Terence
  5925 | D:7      | Noticed a komodo dragon
  5999 | D:7      | Noticed Pikel
  6222 | D:7      | Reached skill level 11 in Spellcasting
  6556 | D:7      | Reached XP level 9. HP: 45/45 MP: 18/26
  7061 | D:8      | Reached skill level 12 in Spellcasting
  7178 | D:8      | Found an ancient bone altar of Kikubaaqudgha.
  7180 | D:8      | Found a sacrificial altar of Ru.
  7184 | D:8      | Found an opulent altar of Gozag.
  7187 | D:8      | Found a blossoming altar of Fedhas.
  7406 | D:8      | Noticed a death yak
  7410 | D:8      | Noticed a four-headed hydra
  7410 | D:8      | Noticed a death yak
  7410 | D:8      | Noticed a death yak
  7628 | D:7      | Found a shimmering altar of Xom.
  7647 | D:7      | Found a staircase to the Ecumenical Temple.
  7663 | Temple   | Entered the Ecumenical Temple
  7879 | Temple   | Became a worshipper of Sif Muna the Loreminder
  8032 | D:7      | Killed Pikel
  8032 | D:7      | Reached skill level 1 in Evocations
  8032 | D:7      | Reached XP level 10. HP: 50/50 MP: 28/28
  8185 | D:7      | Noticed Duvessa
  8185 | D:7      | Noticed Dowan
  8209 | D:7      | Killed Duvessa
  8209 | D:7      | Reached skill level 13 in Spellcasting
  8221 | D:7      | Killed Dowan
  8570 | D:8      | HP: 1/50 [iguana (8)]
  8947 | D:8      | Killed a four-headed hydra
  8947 | D:8      | Reached * piety under Sif Muna
  9231 | D:8      | Reached skill level 10 in Conjurations
  9429 | D:8      | Got a crude amber ring
  9435 | D:8      | Got an ominously black robe
  9446 | D:8      | Identified the +2 robe of Limitation {rElec rC+} (You found
                  | it on level 8 of the Dungeon)
  9483 | D:8      | Found a staircase to the Lair.
  9568 | D:8      | Identified the ring of Rulop {Str+4 Stlth-} (You found it
                  | on level 8 of the Dungeon)
  9896 | D:9      | Reached skill level 14 in Spellcasting
 10059 | D:9      | Found a flagged portal.
 10070 | Bailey   | Entered a bailey
 10228 | Bailey   | Noticed an orc knight
 10284 | Bailey   | Noticed an orc knight
 10299 | Bailey   | Killed an orc knight
 10299 | Bailey   | Reached ** piety under Sif Muna
 10412 | Bailey   | Killed an orc knight
 11184 | D:10     | Entered Level 10 of the Dungeon
 11268 | D:10     | Found a staircase to the Orcish Mines.
 11306 | D:10     | Found Jumu's General Store.
 11355 | D:10     | Noticed Erolcha
 11399 | D:10     | Killed Erolcha
 11399 | D:10     | Reached skill level 15 in Spellcasting
 11399 | D:10     | Reached XP level 11. HP: 41/54 MP: 16/32
 11550 | D:10     | Reached skill level 5 in Dodging
 11782 | D:10     | Noticed a deep elf mage
 11874 | D:10     | Bought a scroll of remove curse for 39 gold pieces
 12226 | Lair:1   | Entered Level 1 of the Lair of Beasts
 12354 | Lair:1   | Reached *** piety under Sif Muna
 12572 | Lair:1   | Found a shimmering altar of Xom.
 12614 | D:8      | Slain by a wolf

Skill      XL: |  1  2  3  4  5  6  7  8  9 10 11 |
---------------+----------------------------------+-----
Spellcasting   | 5 6 8 9 11 12 15 | 15.3
Stealth        | 3 4 |  4.2
Dodging        | 3 4 5 |  5.1
Conjurations   | 2 3 4 5 7 9 11 | 11.3
Fire Magic     | 1 2 3 4 |  4.0
Translocations | 3 4 |  4.9
Evocations     | 1 |  1.8
Summonings     | |  1.1

Action                   |  1- 3 |  4- 6 |  7- 9 | 10-12 || total
-------------------------+-------+-------+-------+-------++-------
Melee: Unarmed           |     2 |       |       |       ||     2
       Hunting sling     |       |       |       |     3 ||     3
 Cast: Magic Dart        |   155 |   118 |   443 |   447 ||  1163
       Conjure Flame     |     2 |    10 |    36 |    40 ||    88
       Blink             |     1 |     1 |    22 |    30 ||    54
Evoke: Wand              |       |       |    14 |     6 ||    20
  Use: Scroll            |     1 |       |    10 |    15 ||    26
       Potion            |       |       |     1 |     6 ||     7
  Eat: Chunk             |     5 |     3 |     7 |     8 ||    23
       Ration            |       |       |     2 |     2 ||     4
Armor: Robe              |     6 |     1 |     8 |    21 ||    36
Dodge: Dodged            |    39 |    10 |    64 |   125 ||   238
